 Dungeon Crawl Stone Soup version 0.22-a0-224-g8cf3520 (webtiles) character file.

218964 TheDeThijs the Bludgeoner (level 18, -5/163 HPs)
             Began as a Minotaur Berserker on Feb 14, 2018.
             Was the Champion of Trog.
             Slain by the 27-headed Lernaean hydra (12 damage)
             ... on level 4 of the Swamp on Feb 19, 2018.
             The game lasted 02:41:02 (36583 turns).

TheDeThijs the Bludgeoner (Minotaur Berserker)     Turns: 36583, Time: 02:41:03

Health: -5/163     AC: 27    Str: 33    XL:     18   Next: 43%
Magic:  5/5        EV: 25    Int:  4    God:    Trog [******]
Gold:   1516       SH: 22    Dex: 17    Spells: 17/17 levels left

rFire    + + +     SeeInvis .   W - +3 morningstar of Midsummer {antimagic, rF+ Str+2 Stlth+}
rCold    x . .     Gourm    .   r - +5 shield of Monotheism {-Cast rElec rPois Dex+3}
rNeg     + . .     Faith    .   d - +7 fire dragon scales of the Morning {*Contam +Inv rF++ rC- Str+4}
rPois    +         Spirit   .   (helmet restricted)
rElec    +         Reflect  +   o - scarf {cloud immunity}
rCorr    .         Harm     .   t - +0 pair of gloves
MR       +++..     NoCast   +   L - +2 pair of boots {Stlth+}
Stlth    +.........             I - +2 amulet of reflection
HPRegen  1.37/turn              J - +3 ring of evasion
MPRegen  0.09/turn              h - ring "Wiesh" {rN+ Str+3 Dex-4 Slay+5}

@: regenerating, studying Armour, very slow
A: retaliatory headbutt, claws 1, horns 2, agile 1, wild magic 1, evolution 1
}: 1/15 runes: serpentine
a: Berserk, Trog's Hand, Brothers in Arms, Renounce Religion, Evoke Invisibility


You were on level 4 of the Swamp.
You worshipped Trog.
Trog was exalted by your worship.
You were not hungry.

You visited 5 branches of the dungeon, and saw 31 of its levels.
You also visited: Ice Cave.

You collected 3921 gold pieces.
You spent 2405 gold pieces at shops.

Inventory:

Hand Weapons
 W - the +3 morningstar of Midsummer (weapon) {antimagic, rF+ Str+2 Stlth+}
   (Trog gifted it to you on level 1 of the Swamp)

   It reduces the magical energy of the wielder, and disrupts the spells and
   magical abilities of those hit.
   Natural abilities and divine invocations are not affected.
   It affects your strength (+2).
   It protects you from fire.
   It makes you more stealthy.
 X - a +3 antimagic trident
Missiles
 e - 13 javelins
 s - 5 poisoned javelins
 x - 14 tomahawks (quivered)
 P - 2 throwing nets
 S - 13 silver javelins
Armour
 d - the +7 fire dragon scales of the Morning (worn) {*Contam +Inv rF++ rC- Str+4}
   (You bought it in a shop on level 12 of the Dungeon)

   It affects your strength (+4).
   It greatly protects you from fire.
   It makes you vulnerable to cold.
   It lets you turn invisible.
   It causes magical contamination when unequipped.
 k - a +0 pair of boots of flying
 o - a scarf of cloud immunity (worn)
 r - the +5 shield of Monotheism (worn) {-Cast rElec rPois Dex+3}
   (You acquired it on level 8 of the Dungeon)

   It affects your dexterity (+3).
   It insulates you from electricity.
   It protects you from poison.
   It prevents spellcasting.
 t - a +0 pair of gloves (worn)
 v - a +0 scale mail of magic resistance
 y - a +2 large shield of cold resistance
 L - a +2 pair of boots of stealth (worn)
 Z - a +0 crystal plate armour
Jewellery
 h - the ring "Wiesh" (right hand) {rN+ Str+3 Dex-4 Slay+5}
   (You acquired it on level 2 of the Swamp)

   [ring of positive energy]

   It affects your strength (+3).
   It affects your dexterity (-4).
   It affects your accuracy and damage with ranged weapons and melee attacks
   (+5).
   It protects you from negative energy.
 u - an uncursed ring of magical power
 w - an uncursed ring of see invisible
 I - a +2 amulet of reflection (around neck)
 J - a +3 ring of evasion (left hand)
 R - an uncursed ring of protection from cold
Wands
 b - a wand of random effects (39)
 n - a wand of polymorph (34)
 p - a wand of iceblast (17)
 z - a wand of paralysis (58)
 C - a wand of flame (55)
 E - a wand of disintegration (19)
 G - a wand of clouds (3)
 O - a wand of scattershot (6)
 U - a wand of acid (7)
 V - a wand of digging (13)
 Y - a wand of enslavement (10)
Scrolls
 a - 4 scrolls of enchant armour
 f - 3 scrolls of fear
 g - 14 scrolls of identify
 j - a scroll of summoning
 l - 11 scrolls of teleportation
 m - 11 scrolls of remove curse
 q - 2 scrolls of enchant weapon
 D - 6 scrolls of fog
 N - 5 scrolls of magic mapping
 T - a scroll of silence
Potions
 i - 5 potions of magic
 A - 7 potions of flight
 F - 2 potions of curing
 H - a potion of resistance
 K - a potion of invisibility
 M - 4 potions of heal wounds
 Q - 2 potions of brilliance
Books
 B - a manual of Armour
Comestibles
 c - 36 rations


   Skills:
 + Level 15.4 Fighting
 - Level 19.1 Maces & Flails
 - Level 12.0 Throwing
 + Level 18.6 Armour
 + Level 15.6 Dodging
 - Level 15.0 Shields


You had 17 spell levels left.
You didn't know any spells.

Dungeon Overview and Level Annotations

Branches:
Dungeon (15/15)            Temple (0/1) D:6            Lair (6/6) D:10
  Swamp (4/4) Lair:4        Snake (4/4) Lair:2        Slime (0/5) Lair:5
    Orc (2/2) D:10            Elf (0/3) Orc:2        Vaults (0/5) D:14
 Depths (0/5) D:15

Altars:
Dithmenos
Fedhas
Hepliaklqana
Kikubaaqudgha
Nemelex Xobeh
Okawaru
Ru
Sif Muna
Trog
Wu Jian
Xom
Zin
The Shining One
Beogh
Jiyva

Shops:
D:5 (   D:6 %!?   D:12 :[**   D:14 *   Orc:2 =([(   Snake:4 }}=

Annotations:
Swamp:4 Lernaean hydra
Snake:1 2 transporters


Innate Abilities, Weirdness & Mutations

You reflexively headbutt those who attack you in melee.
You have a pair of horns on your head.
You have sharp fingernails.
You are agile. (Dex +2)
Your spells are a little harder to cast, but a little more powerful.
You evolve.


Message History

The 27-headed Lernaean hydra is almost dead.
The 27-headed Lernaean hydra bites you but does no damage. x3
You block the 27-headed Lernaean hydra's attack.
The 27-headed Lernaean hydra bites you.
* * * LOW HITPOINT WARNING * * *
The 27-headed Lernaean hydra bites you!
* * * LOW HITPOINT WARNING * * *
You block the 27-headed Lernaean hydra's attack.
The 27-headed Lernaean hydra misses you.
The 27-headed Lernaean hydra bites you but does no damage. x3
You block the 27-headed Lernaean hydra's attack.
The 27-headed Lernaean hydra completely misses you. x2
The 27-headed Lernaean hydra bites you but does no damage. x2
You block the 27-headed Lernaean hydra's attack.
The 27-headed Lernaean hydra barely misses you. x2
The 27-headed Lernaean hydra bites you but does no damage. x2
You block the 27-headed Lernaean hydra's attack.
The 27-headed Lernaean hydra bites you but does no damage.
The 27-headed Lernaean hydra bites you!
You die...

♣.♣♣♣..♣♣ ♣♣♣♣♣♣≈≈≈♣♣≈≈≈≈..≈♣♣
♣♣♣≈..♣♣ ♣♣§≈♣♣♣≈...≈.≈≈≈≈.≈≈. ♣
♣≈.≈≈♣ ♣≈§≈≈♣♣♣♣...♣♣♣≈≈≈§≈≈ ♣
♣♣≈≈.♣♣ ♣.≈.♣≈.≈♣...≈♣♣♣♣♣♣.≈
♣≈..≈§♣♣♣ ♣♣♣♣♣.≈...≈..≈≈..♣♣♣≈
♣♣≈≈≈≈.D≈♣ ♣♣....≈≈.≈.....≈♣≈(
♣≈≈≈≈≈≈≈.♣♣ ♣≈≈≈..≈..♣≈.≈.≈♣♣≈≈
♣≈≈≈.≈≈≈≈.♣♣♣♣...≈≈≈§♣♣§≈≈.♣♣♣.≈
♣♣♣#§≈§≈.D≈§≈.≈D@..≈≈.♣♣.≈≈≈≈≈♣♣♣
.≈.§.≈≈.♣♣♣.≈≈.≈≈..≈♣♣♣♣≈≈≈≈≈.♣
.....≈≈≈♣ ♣♣♣≈..≈≈.♣♣ ♣≈≈≈≈≈≈≈♣♣♣
§#≈.≈≈≈.♣ ♣♣♣.≈..♣♣♣♣.≈≈≈..≈♣≈≈
.....≈≈.♣ ♣..≈♣....≈≈≈≈≈.≈♣≈≈
....?.≈[♣ ♣♣.♣♣.≈.≈≈≈≈≈≈≈...≈
≈≈...≈≈≈♣ ♣♣♣♣♣≈≈.≈≈≈≈≈≈≈.≈♣♣
≈≈..≈♣♣♣♣ ♣♣♣.....♣♣.≈≈≈≈...♣♣♣
≈..§♣♣ ♣≈≈≈≈.≈...♣.≈≈≈..≈...


You could see the 27-headed Lernaean hydra and a swamp dragon.

Vanquished Creatures
  Rupert (Lair:3)
  Asterion (Snake:3)
  Gastronok (Lair:3)
  Kirke (D:13)
  12 nagarajas
  Roxanne (D:14)
  2 frost giants
  An entropy weaver (Lair:3)
  Snorg (D:12)
  A rakshasa (D:13)
  Josephine (D:14)
  17 naga warriors
  8 vault guards (D:14)
  13 hydras
  10 alligators
  An ogre mage (D:15)
  16 anacondas
  6 death yaks (Lair:6)
  12 two-headed ogres
  A queen ant (Lair:4)
  A tengu warrior (D:15)
  An orc high priest (Orc:2)
  Urug (Lair:3)
  Sonja (Orc:2)
  7 naga sharpshooters
  6 shock serpents
  5 spriggans
  6 salamander mystics (Snake:4)
  2 unseen horrors
  5 swamp dragons
  2 spriggan druids
  10 naga ritualists
  A shambling mangrove (Swamp:3)
  3 oklob plants
  9 mana vipers
  An orc sorcerer (Orc:2)
  2 ugly things (D:13)
  2 manticores
  6 salamanders
  4 cyclopes
  21 slime creatures
  A deep elf mage (D:15)
  6 elephants
  33 black mambas
  17 naga magi
  9 guardian serpents
  19 spiny frogs
  A gargoyle (D:13)
  An ice statue (IceCv)
  3 centaur skeletons
  5 rime drakes
  13 komodo dragons
  2 yaktaurs (D:15)
  2 efreet
  A rime drake (shapeshifter) (D:15)
  2 tengu conjurers (D:14)
  24 polar bears
  7 hornets
  7 trolls
  A queen bee (Lair:3)
  6 tyrant leeches
  4 raiju (Lair:6)
  17 blink frogs
  2 dream sheep (Lair:4)
  10 hippogriffs
  7 bog bodies
  A meliai zombie (D:15)
  A water elemental (D:15)
  2 shadows
  A vampire (D:14)
  A centaur simulacrum (D:15)
  5 wraiths (D:14)
  20 yaks
  2 basilisks
  2 steam dragons
  The ghost of wintastic the Chopper, an amateur HOMo (D:3)
  4 wyverns
  3 hogs (D:13)
  A human (D:9)
  A hungry ghost (D:7)
  13 vampire mosquitoes
  22 swamp worms
  6 insubstantial wisps
  7 wargs
  17 soldier ants (Lair:4)
  13 hell hounds (Lair:6)
  61 nagas
  8 water moccasins
  14 porcupines
  5 swamp drakes
  6 ice beasts
  27 orc warriors
  5 sky beasts
  13 black bears
  12 ogres
  4 phantoms
  50 wolves
  4 centaurs
  13 crocodiles
  15 bullfrogs
  2 wyvern zombies (D:14)
  A gnoll sergeant (Orc:1)
  A water moccasin skeleton (D:9)
  2 scorpions
  23 killer bees
  6 wights
  3 howler monkeys
  2 electric eels
  7 crimson imps
  3 bullfrog zombies
  3 jellies
  23 orc priests
  Crazy Yiuf (D:6)
  3 centaur zombies
  9 hounds
  2 quasits
  2 bullfrog skeletons
  2 iguanas
  17 orc wizards
  28 worker ants
  A killer bee zombie (D:9)
  2 hound zombies (D:5)
  3 hound skeletons
  A howler monkey zombie (D:5)
  2 howler monkey skeletons
  5 gnolls (Orc:1)
  12 adders
  A river rat (Lair:3)
  5 shadow imps
  2 oozes
  2 adder zombies
  2 adder skeletons
  5 worms
  2 dart slugs (D:2)
  11 leopard geckos
  122 orcs
  4 giant cockroaches
  5 goblins
  12 hobgoblins
  10 jackals
  5 quokkas
  A ball python (D:1)
  11 bats
  6 frilled lizards
  A jackal zombie (D:5)
  10 kobolds
  2 leopard gecko skeletons
  A quokka skeleton (D:5)
  6 rats
  A plant (Lair:2)
1156 creatures vanquished.

Vanquished Creatures (collateral kills)
  Saint Roka (Orc:2)
  An orc warlord (Orc:2)
  An entropy weaver (Lair:4)
  A hydra (D:9)
  An ugly thing (D:12)
  2 elephants (Lair:4)
  A troll (D:9)
  A hippogriff (D:8)
  2 dream sheep (Lair:4)
  7 soldier ants (Lair:4)
  6 orc warriors
  An ogre (Orc:2)
  A big kobold (D:12)
  3 wights (D:8)
  A crimson imp (D:9)
  4 orc priests
  3 orc wizards
  A worker ant (Lair:4)
  8 orcs
  5 kobolds (D:12)
51 creatures vanquished.

Vanquished Creatures (others)
  Vashnia (Snake:3)
  3 centaur warriors (D:15)
  3 naga sharpshooters
  A spriggan druid (Swamp:2)
  3 centaurs
  2 orcs (Orc:2)
  9 fungi
  10 plants
32 creatures vanquished.

Grand Total: 1239 creatures vanquished

Notes
Turn   | Place    | Note
-------+----------+-------------------------------------------
     0 | D:1      | TheDeThijs the Minotaur Berserker began the quest for the Orb.
     0 | D:1      | Reached XP level 1. HP: 19/19 MP: 0/0
   117 | D:1      | Reached skill level 4 in Maces & Flails
   117 | D:1      | Reached XP level 2. HP: 16/27 MP: 1/1
   626 | D:2      | Reached XP level 3. HP: 17/33 MP: 2/2
  1285 | D:2      | Reached ** piety under Trog
  1285 | D:2      | Reached skill level 5 in Maces & Flails
  1443 | D:2      | Reached XP level 4. HP: 40/40 MP: 3/3
  1984 | D:3      | You fall through a shaft for 3 floors!
  2014 | D:6      | Reached skill level 1 in Throwing
  2083 | D:6      | Noticed an ice beast
  2091 | D:6      | Killed an ice beast
  2091 | D:6      | Reached skill level 6 in Maces & Flails
  2091 | D:6      | Reached XP level 5. HP: 46/46 MP: 4/4
  2133 | D:6      | Noticed an orc warrior
  2140 | D:5      | Entered Level 5 of the Dungeon
  2140 | D:5      | Noticed a phantom
  2155 | D:5      | Killed a phantom
  2155 | D:5      | Reached XP level 6. HP: 52/52 MP: 5/5
  2421 | D:4      | Reached skill level 7 in Maces & Flails
  2512 | D:3      | Reached *** piety under Trog
  2564 | D:3      | Found a shadowy altar of Dithmenos.
  2578 | D:3      | Noticed wintastic's ghost (amateur HOMo)
  2586 | D:3      | Killed wintastic's ghost
  2586 | D:3      | Reached XP level 7. HP: 59/59 MP: 6/6
  2886 | D:3      | Found an ancient bone altar of Kikubaaqudgha.
  2892 | D:3      | Found a blossoming altar of Fedhas.
  3098 | D:4      | Found a bloodstained altar of Trog.
  3117 | D:4      | Reached skill level 8 in Maces & Flails
  3569 | D:4      | Reached skill level 5 in Throwing
  3574 | D:4      | Found a sacrificial altar of Ru.
  3609 | D:4      | Found a sparkling altar of Nemelex Xobeh.
  3610 | D:4      | Found a hazy altar of Hepliaklqana.
  3610 | D:4      | Found a glowing silver altar of Zin.
  3759 | D:5      | Reached skill level 9 in Maces & Flails
  3815 | D:5      | Reached XP level 8. HP: 62/66 MP: 7/7
  3841 | D:5      | Got a translucent long sword
  3842 | D:5      | Identified the +5 long sword of Valour {slice, rPois rC- Dex+2 SInv} (You found it on level 5 of the Dungeon)
  3901 | D:5      | Found Acioc's Weapon Shoppe.
  3962 | D:5      | Reached **** piety under Trog
  4095 | D:5      | Found an iron altar of Okawaru.
  4766 | D:6      | Reached skill level 10 in Maces & Flails
  4823 | D:6      | Found Zyidgh's Distillery.
  4836 | D:6      | Gained mutation: You have sharp fingernails. [potion of mutation]
  4836 | D:6      | Gained mutation: You evolve. [potion of mutation]
  4883 | D:6      | Found Dokk's Magic Scroll Shoppe.
  5163 | D:6      | Found a runed door.
  5196 | D:6      | Found Puecu's Food Shop.
  5223 | D:6      | Noticed Crazy Yiuf
  5227 | D:6      | Killed Crazy Yiuf
  5339 | D:6      | Found a staircase to the Ecumenical Temple.
  6400 | D:7      | Reached skill level 11 in Maces & Flails
  6401 | D:7      | Reached ***** piety under Trog
  6530 | D:8      | Noticed a hippogriff
  6544 | D:7      | Reached XP level 9. HP: 70/71 MP: 8/8
  6555 | D:8      | Found a shimmering altar of Xom.
  6570 | D:8      | Identified 2 scrolls of acquirement
  6571 | D:8      | Got a twisted shield
  6574 | D:8      | Identified the +5 shield of Monotheism {-Cast rElec rPois Dex+3} (You acquired it on level 8 of the Dungeon)
  6823 | D:8      | Reached skill level 12 in Maces & Flails
  6863 | D:8      | Reached skill level 5 in Armour
  6985 | D:8      | Reached skill level 5 in Dodging
  7158 | D:8      | Found a shimmering altar of Xom.
  7207 | D:8      | Found a glowing golden altar of the Shining One.
  7308 | D:9      | Noticed a troll
  7328 | D:9      | Killed a troll
  7328 | D:9      | Received a gift from Trog
  7443 | D:9      | Noticed a two-headed ogre
  7451 | D:9      | Killed a two-headed ogre
  7451 | D:9      | Reached skill level 13 in Maces & Flails
  7451 | D:9      | Reached XP level 10. HP: 78/78 MP: 9/9
  7454 | D:9      | Noticed a two-headed ogre
  7622 | D:9      | Found an ancient bone altar of Kikubaaqudgha.
  7622 | D:9      | Found a shimmering altar of Xom.
  7630 | D:9      | Found an ornate altar of the Wu Jian Council.
  7630 | D:9      | Found a shimmering altar of Xom.
  7653 | D:9      | Killed a two-headed ogre
  7819 | D:9      | Noticed an eight-headed hydra
  7825 | D:9      | Killed an eight-headed hydra
  7984 | D:9      | Noticed a two-headed ogre
  7989 | D:9      | Killed a two-headed ogre
  7989 | D:9      | Reached skill level 14 in Maces & Flails
  8003 | D:9      | Got a translucent marble ring
  8007 | D:9      | Got a translucent scale mail
  8018 | D:9      | Identified the ring "Boihohuj" {*Tele Int+5 Dex+6 Slay-4} (You found it on level 9 of the Dungeon)
  8032 | D:9      | Identified the +3 scale mail "Tiuqyr" {rElec Int+4 Slay+2} (You found it on level 9 of the Dungeon)
  8083 | D:9      | Noticed a manticore
  8095 | D:9      | Killed a manticore
  8815 | D:10     | Entered Level 10 of the Dungeon
  9057 | D:10     | Reached XP level 11. HP: 80/84 MP: 10/10
  9159 | D:10     | Reached skill level 5 in Shields
  9288 | D:10     | Found a staircase to the Lair.
  9331 | D:10     | Upgraded the game from 0.22-a0-181-gb22368a to 0.22-a0-185-ge330310
  9541 | D:10     | Found a staircase to the Orcish Mines.
  9800 | D:11     | Noticed a two-headed ogre
  9810 | D:11     | Killed a two-headed ogre
 10595 | D:12     | Found Obeff's Antique Armour Shop.
 10613 | D:12     | Noticed an unseen horror
 10626 | D:12     | Killed an unseen horror
 10641 | D:12     | Reached skill level 5 in Fighting
 10653 | D:12     | Paralysed by fainting for 12 turns
 10668 | D:12     | Received a gift from Trog
 10680 | D:12     | Found Hoejaepo's Book Emporium.
 10683 | D:12     | Found a frozen archway.
 10703 | IceCv    | Entered an ice cave
 11288 | IceCv    | Reached XP level 12. HP: 69/96 MP: 11/11
 11305 | IceCv    | Reached skill level 10 in Armour
 11545 | IceCv    | Noticed a frost giant
 11583 | IceCv    | Killed a frost giant
 11594 | IceCv    | Reached skill level 10 in Shields
 11601 | IceCv    | Gained mutation: You are agile. (Dex +2) [evolution]
 11835 | D:12     | Found Cehac's General Store.
 11851 | D:12     | Noticed Snorg
 11867 | D:12     | Killed Snorg
 11948 | D:12     | Found Adghyug's Assorted Antiques.
 12209 | D:13     | Noticed a two-headed ogre
 12218 | D:13     | Killed a two-headed ogre
 12218 | D:13     | Reached skill level 10 in Dodging
 12283 | Orc:1    | Entered Level 1 of the Orcish Mines
 12412 | Orc:2    | Entered Level 2 of the Orcish Mines
 12414 | Orc:2    | Noticed Sonja
 12777 | Orc:1    | Found a roughly hewn altar of Beogh.
 13282 | Orc:2    | Found a roughly hewn altar of Beogh.
 13282 | Orc:2    | Found Hema's Jewellery Shop.
 13432 | Orc:2    | Found a roughly hewn altar of Beogh.
 13442 | Orc:2    | Reached ****** piety under Trog
 13542 | Orc:2    | Found a roughly hewn altar of Beogh.
 13586 | Orc:2    | Killed Sonja
 13627 | Orc:2    | Found a roughly hewn altar of Beogh.
 13631 | Orc:2    | Received a gift from Trog
 13736 | Orc:2    | Paralysed by an orc sorcerer for 5 turns
 13749 | Orc:2    | Found a staircase to the Elven Halls.
 13758 | Orc:2    | Noticed an orc warlord
 13780 | Orc:2    | Killed an orc warlord
 13786 | Orc:2    | Received a gift from Trog
 13807 | Orc:2    | Found a roughly hewn altar of Beogh.
 13873 | Orc:2    | Noticed Saint Roka
 13886 | Orc:2    | HP: 4/103 [Saint Roka/divine providence (13)]
 14783 | Orc:1    | Reached XP level 13. HP: 97/108 MP: 12/12
 14838 | Orc:2    | Killed Saint Roka
 14862 | Orc:2    | Found Plog's Antique Armour Shop.
 14868 | Orc:2    | Found a roughly hewn altar of Beogh.
 14869 | Orc:2    | Found Atutz's Antique Weapon Boutique.
 14988 | Orc:2    | Found a roughly hewn altar of Beogh.
 15009 | Orc:2    | Found Ybanof's Antique Weapon Emporium.
 15013 | Orc:2    | Gained mutation: You rapidly evolve. [evolution]
 15013 | Orc:2    | Lost mutation: You rapidly evolve. [decline of evolution]
 15136 | D:12     | Bought heavily runed fire dragon scales for 2405 gold pieces
 15136 | D:12     | Identified the +7 fire dragon scales of the Morning {*Contam +Inv rF++ rC- Str+4} (You bought it in a shop on level 12 of the Dungeon)
 15678 | D:13     | Noticed Kirke
 15720 | D:13     | Killed Kirke
 15811 | D:13     | Received a gift from Trog
 16241 | D:14     | Noticed Josephine
 16250 | D:14     | Killed Josephine
 16262 | D:14     | Noticed Roxanne
 16630 | D:14     | Killed Roxanne
 16630 | D:14     | Reached skill level 10 in Fighting
 16890 | D:14     | Found a gate to the Vaults.
 16966 | D:14     | Reached XP level 14. HP: 102/121 MP: 13/13
 16995 | D:14     | Received a gift from Trog
 17395 | D:14     | Gained mutation: Scrolls take you a little longer to read. [evolution]
 17413 | D:14     | Found Gumelas's Assorted Antiques.
 17747 | D:15     | Entered Level 15 of the Dungeon
 17824 | D:15     | Received a gift from Trog
 17914 | D:15     | Found a blossoming altar of Fedhas.
 18531 | D:15     | Found a staircase to the Depths.
 18531 | D:15     | Noticed a frost giant
 18537 | D:15     | HP: 1/122 [frost giant/bolt of cold (34)]
 18945 | D:14     | Upgraded the game from 0.22-a0-185-ge330310 to 0.22-a0-197-g4ac3794
 18964 | D:15     | Killed a frost giant
 19283 | Lair:1   | Entered Level 1 of the Lair of Beasts
 20091 | Lair:2   | Reached skill level 15 in Shields
 20271 | Lair:2   | Got a warped emerald amulet
 20317 | Lair:2   | Identified the amulet "Pugga" {Harm *Drain Int+3 Stlth+} (You found it on level 2 of the Lair of Beasts)
 20333 | Lair:2   | Found a staircase to the Snake Pit.
 20615 | Lair:2   | Gained mutation: Your spells are a little harder to cast, but a little more powerful. [evolution]
 21512 | Lair:3   | Noticed Rupert
 21520 | Lair:3   | Received a gift from Trog
 21607 | Lair:3   | Killed Rupert
 21655 | Lair:3   | Reached XP level 15. HP: 106/132 MP: 14/14
 21689 | Lair:3   | Received a gift from Trog
 21694 | Lair:3   | Noticed Gastronok
 21710 | Lair:3   | Killed Gastronok
 21838 | Lair:3   | Noticed Urug
 21851 | Lair:3   | Killed Urug
 22760 | Lair:4   | Found a staircase to the Swamp.
 22944 | Lair:4   | Received a gift from Trog
 24275 | Lair:5   | Found a viscous altar of Jiyva.
 24275 | Lair:5   | Found a staircase to the Slime Pits.
 24329 | Lair:5   | Reached skill level 15 in Maces & Flails
 24725 | Lair:5   | Lost mutation: Scrolls take you a little longer to read. [evolution]
 24927 | Lair:6   | Entered Level 6 of the Lair of Beasts
 25092 | Lair:6   | Received a gift from Trog
 25468 | Lair:6   | Received a gift from Trog
 25943 | Lair:6   | Received a gift from Trog
 26047 | Lair:6   | Reached skill level 10 in Throwing
 26052 | Lair:6   | Received a gift from Trog
 26087 | Lair:6   | Reached XP level 16. HP: 130/141 MP: 15/15
 26496 | Snake:1  | Entered Level 1 of the Snake Pit
 26707 | Snake:1  | Reached skill level 16 in Maces & Flails
 26851 | Snake:1  | Found a transporter.
 26903 | Snake:1  | Found a transporter.
 27046 | Snake:1  | Reached skill level 15 in Armour
 27184 | Snake:2  | Received a gift from Trog
 28375 | Snake:3  | Received a gift from Trog
 28423 | Snake:3  | Noticed Vashnia
 28444 | Snake:3  | Killed Vashnia
 28444 | Snake:3  | Reached skill level 17 in Maces & Flails
 28795 | Snake:3  | Noticed Asterion
 28797 | Snake:3  | Received a gift from Trog
 28813 | Snake:3  | Noticed an Executioner
 28817 | Snake:3  | Killed Asterion
 28817 | Snake:3  | Reached XP level 17. HP: 134/151 MP: 5/16
 29292 | Snake:4  | Entered Level 4 of the Snake Pit
 29747 | Snake:3  | Received a gift from Trog
 31261 | Snake:4  | Found Xienets's Gadget Emporium.
 31263 | Snake:4  | Found Destriav's Jewellery Boutique.
 31264 | Snake:4  | Found Wuzycir's Gadget Emporium.
 31363 | Snake:4  | Reached skill level 18 in Maces & Flails
 31670 | Snake:4  | Received a gift from Trog
 32708 | Snake:4  | Reached skill level 15 in Dodging
 32926 | Snake:4  | Got a serpentine rune of Zot
 32927 | Snake:4  | Upgraded the game from 0.22-a0-197-g4ac3794 to 0.22-a0-224-g8cf3520
 33118 | Swamp:1  | Entered Level 1 of the Swamp
 33230 | Swamp:1  | Received a gift from Trog
 33233 | Swamp:1  | Got a warped morningstar {god gift}
 33234 | Swamp:1  | Identified the +3 morningstar of Midsummer {antimagic, rF+ Str+2 Stlth+} (Trog gifted it to you on level 1 of the Swamp)
 33374 | Swamp:1  | Reached XP level 18. HP: 158/162 MP: 5/17
 34121 | Swamp:2  | Reached skill level 15 in Fighting
 34266 | Swamp:2  | Got a bound copper ring
 34268 | Swamp:2  | Identified the ring "Wiesh" {rN+ Str+3 Dex-4 Slay+5} (You acquired it on level 2 of the Swamp)
 34925 | Swamp:3  | Reached skill level 19 in Maces & Flails
 34998 | Swamp:3  | Found a deep blue altar of Sif Muna.
 35209 | Swamp:3  | Received a gift from Trog
 35552 | Swamp:4  | Entered Level 4 of the Swamp
 36097 | Swamp:4  | Noticed the 27-headed Lernaean hydra
 36583 | Swamp:4  | HP: 7/163 [the 27-headed Lernaean hydra (12)]
 36583 | Swamp:4  | Slain by the 27-headed Lernaean hydra

Vault maps used:
D:1:      dpeg_arrival_orchard
D:2:      first_ration
D:3:      grunt_temple_overflow_growth_and_decay, lemuel_round_altar
D:4:      marbit_many_paths, minitemple, lemuel_doored_altar
D:5:      serial_shops, shop_fountains, okawaru_gym_becter
D:6:      minmay_temple_entry_poolview, serial_shops, nicolae_shop_stone, shop,
          shop, uniq_crazy_yiuf_cottage
D:7:      kennysheep_another_room
D:8:      kennysheep_mini_moat, lemuel_round_altar, basic_altar
D:9:      minmay_the_grid_octo_triangle, grunt_pizzeria, patterned_corridor
D:10:     erik_lair_dragon, hiddenorc1_lemuel
D:12:     cheibrodos_elevator_heist, serial_shops, nicolae_shop_stone, shop,
          nicolae_shop_temple_entry_statues_fountains, shop,
          portal_ice_cave_rime, uniq_nergalle, uniq_snorg
D:13:     uniq_kirke
D:14:     erik_vaults_2, minmay_door_square, serial_shops, shop,
          serial_bayou_pond_d, hangedman_decor_growths, uniq_roxanne,
          uniq_josephine
D:15:     grunt_enter_depths_snipers, fedhas_altar_1
Lair:1:   eino_small_chamber_without_monster
Lair:2:   guppyfry_snake_entry_island, beast_lair_carwin_7,
          infiniplex_staircase_pool_2, minmay_lair_oklob_chamber
Lair:3:   regret_index_combs_of_tragedy, beast_lair_carwin_4,
          lemuel_fruit_fields, uniq_rupert, uniq_urug, uniq_gastronok
Lair:4:   nicolae_swamp_entry_splash_gauntlet, zaba_anthell
Lair:5:   slime_altar_1
Lair:6:   hangedman_lair_caniforms_friends
Swamp:1:  evilmike_swamp_ruin_house_6
Swamp:2:  hangedman_swamp_diagram
Swamp:3:  basic_altar
Swamp:4:  swamp_old_school, swamp_pool2, nicolae_swamp_fairy_circle,
          grunt_lady_of_the_lake
Snake:1:  gammafunk_its_a_trap, nicolae_coiled_stairwell_down
Snake:2:  special_room
Snake:3:  guppyfry_library_mini, uniq_vashnia, uniq_asterion
Snake:4:  johnstein_snake_rune_scales, minmay_shop_grove
Orc:1:    mines1_david
Orc:2:    grunt_orc_community_town_hall, grunt_orc_community_big_house_2,
          grunt_orc_community_big_house_1, grunt_orc_community_house_3,
          grunt_orc_community_house_2, grunt_orc_community_house_1,
          grunt_orc_community_house_1, uniq_sonja
IceCv:    ice_cave_small_giant

Skill      XL: |  1  2  3  4  5  6  7  8  9 10 11 12 13 14 15 16 17 18 |
---------------+-------------------------------------------------------+-----
Maces & Flails | 4 5 6 7 9 11 13 14 15 17 18 19 | 19.1
Fighting       | 4 6 8 10 11 12 13 14 15 | 15.4
Armour         | 3 4 6 8 9 11 12 13 14 16 17 18 | 18.6
Throwing       | 2 3 4 5 6 7 8 10 11 12 | 12.0
Dodging        | 3 4 6 7 9 10 11 12 13 14 15 | 15.6
Shields        | 4 9 11 13 15 | 15.0

Action                   |  1- 3 |  4- 6 |  7- 9 | 10-12 | 13-15 | 16-18 || total
-------------------------+-------+-------+-------+-------+-------+-------++-------
Melee: Mace              |    91 |    71 |   313 |   797 |  1030 |       ||  2302
       Headbutt          |    19 |    12 |    60 |   259 |   593 |   479 ||  1422
       Eveningstar       |       |       |       |       |   657 |    26 ||   683
       Morningstar       |       |       |       |       |       |  1406 ||  1406
Throw: Stone             |    31 |       |    62 |       |       |       ||    93
       Tomahawk          |       |    25 |    21 |   109 |    99 |    67 ||   321
       Javelin           |       |       |     2 |     2 |    12 |    13 ||    29
Invok: Trog's Hand       |     1 |     3 |     2 |     3 |     5 |     2 ||    16
       Brothers in Arms  |       |     2 |     1 |     3 |     3 |     1 ||    10
       No ability        |       |       |     1 |     5 |     3 |       ||     9
       Berserk           |       |       |     1 |     1 |     4 |     1 ||     7
Evoke: Wand              |       |       |       |     3 |     4 |     1 ||     8
  Use: Scroll            |       |       |    15 |    10 |    13 |     6 ||    44
       Potion            |       |       |    12 |     7 |     9 |     7 ||    35
 Stab: Distracted        |       |       |       |     2 |     1 |       ||     3
       Confused          |       |       |       |       |     1 |       ||     1
       Sleeping          |       |       |       |       |     1 |       ||     1
  Eat: Chunk             |     2 |     3 |    15 |    24 |    31 |    11 ||    86
       Ration            |       |     1 |     1 |     2 |     4 |     8 ||    16
Armor: Animal skin       |    20 |     3 |       |       |       |       ||    23
       Chain mail        |       |       |   124 |    27 |       |       ||   151
       Scale mail        |       |       |       |   169 |     4 |       ||   173
       Fire dragon scale |       |       |       |       |   267 |   378 ||   645
Dodge: Dodged            |    68 |    39 |   156 |   357 |   735 |   915 ||  2270
Block: Other             |       |       |    16 |       |       |       ||    16
       Shield            |       |       |    57 |   775 |  1705 |  1679 ||  4216
       Reflection        |       |       |     2 |    20 |    39 |   156 ||   217

Table legend:
 A = Spawn XP
 B = Non-spawn XP
 C = Spawn XP percentage of total XP
 D = Spawn monster count
 E = Non-spawn monster count
 F = Spawn count percentage of total count
 G = Total turns spent on level
                    A         B        C        D         E        F      G
               +---------+---------+-------+---------+---------+-------+---------
         Total |       0 |  327412 |   0.0 |       0 |    1216 |   0.0 | 36583
               +---------+---------+-------+---------+---------+-------+---------
           D:1 |       0 |      33 |   0.0 |       0 |      20 |   0.0 |   795
           D:2 |       0 |      73 |   0.0 |       0 |      31 |   0.0 |   988
           D:3 |       0 |     239 |   0.0 |       0 |      19 |   0.0 |   805
           D:4 |       0 |     560 |   0.0 |       0 |      19 |   0.0 |   857
           D:5 |       0 |     602 |   0.0 |       0 |      35 |   0.0 |  1283
           D:6 |       0 |     517 |   0.0 |       0 |      13 |   0.0 |   881
           D:7 |       0 |     931 |   0.0 |       0 |      24 |   0.0 |  1280
           D:8 |       0 |    1171 |   0.0 |       0 |      22 |   0.0 |   646
           D:9 |       0 |    5876 |   0.0 |       0 |      34 |   0.0 |  1280
          D:10 |       0 |    2446 |   0.0 |       0 |      33 |   0.0 |   961
          D:11 |       0 |    2592 |   0.0 |       0 |      19 |   0.0 |   958
          D:12 |       0 |    5404 |   0.0 |       0 |      38 |   0.0 |   671
          D:13 |       0 |   12705 |   0.0 |       0 |      60 |   0.0 |  1031
          D:14 |       0 |   15460 |   0.0 |       0 |      30 |   0.0 |  2193
          D:15 |       0 |   15656 |   0.0 |       0 |      31 |   0.0 |   785
        Lair:1 |       0 |    2711 |   0.0 |       0 |      11 |   0.0 |   765
        Lair:2 |       0 |    9684 |   0.0 |       0 |      45 |   0.0 |  1569
        Lair:3 |       0 |   17868 |   0.0 |       0 |      64 |   0.0 |  1190
        Lair:4 |       0 |   14023 |   0.0 |       0 |      84 |   0.0 |  1487
        Lair:5 |       0 |    5329 |   0.0 |       0 |      16 |   0.0 |   768
        Lair:6 |       0 |   21485 |   0.0 |       0 |      78 |   0.0 |  1493
       Swamp:1 |       0 |   12700 |   0.0 |       0 |      37 |   0.0 |   911
       Swamp:2 |       0 |    5702 |   0.0 |       0 |      21 |   0.0 |   804
       Swamp:3 |       0 |   13534 |   0.0 |       0 |      31 |   0.0 |   719
       Swamp:4 |       0 |   12082 |   0.0 |       0 |      29 |   0.0 |  1031
       Snake:1 |       0 |   16486 |   0.0 |       0 |      34 |   0.0 |   708
       Snake:2 |       0 |   22359 |   0.0 |       0 |      36 |   0.0 |  1108
       Snake:3 |       0 |   22884 |   0.0 |       0 |      36 |   0.0 |  2192
       Snake:4 |       0 |   65093 |   0.0 |       0 |     100 |   0.0 |  2555
         Orc:1 |       0 |    1421 |   0.0 |       0 |      32 |   0.0 |   942
         Orc:2 |       0 |   10730 |   0.0 |       0 |      99 |   0.0 |  1855
         IceCv |       0 |    9056 |   0.0 |       0 |      35 |   0.0 |  1072
               +---------+---------+-------+---------+---------+-------+---------
